 Dungeon Crawl Stone Soup version 0.21-a0-442-g848f44b (webtiles) character file.

21059 KristoblXynda the Carver (level 12, -11/85 HPs)
             Began as a Black Draconian Gladiator on Nov 12, 2017.
             Was a Follower of Uskayaw.
             Mangled by a phantasmal warrior (15 damage)
             ... on level 13 of the Dungeon.
             The game lasted 00:35:11 (13484 turns).

KristoblXynda the Carver (DrGl)                    Turns: 13484, Time: 00:35:13

Health: -11/85     AC: 16    Str: 17    XL:     12   Next: 50%
Magic:  0/19       EV: 19    Int: 15    God:    Uskayaw [*.....]
Gold:   672        SH:  5    Dex: 16    Spells: 11/11 levels left

rFire    + . .     SeeInvis +   q - +9 long sword of Egatagov {flame, rElec}
rCold    + . .     Gourm    .   P - +1 buckler
rNeg     + . .     Faith    .   (armour unavailable)
rPois    +         Spirit   +   D - +2 hat {Int+3}
rElec    +         Reflect  .   b - scarf "Zeuth" {rPois Int+2 SInv}
rCorr    +         Harm     .   n - +2 pair of gloves
MR       .....                  t - +2 pair of boots
Stlth    +.........             j - amulet of guardian spirit
HPRegen  0.24/turn              f - ring of positive energy
MPRegen  0.16/turn              C - ring of resist corrosion

@: resistant, vulnerable
A: breathe lightning, unfitting armour, electricity resistance, cold-blooded, AC
+8
a: Breathe Lightning, Stomp, Renounce Religion


You were on level 13 of the Dungeon.
You worshipped Uskayaw.
Uskayaw was aware of your devotion.
You were not hungry.

You visited 2 branches of the dungeon, and saw 14 of its levels.

You collected 816 gold pieces.
You spent 144 gold pieces at shops.

Inventory:

Hand Weapons
 q - the +9 long sword of Egatagov (weapon) {flame, rElec}
   (You found it on level 7 of the Dungeon)

   It has been specially enchanted to burn those struck by it, causing extra
   injury to most foes and up to half again as much damage against particularly
   susceptible opponents.
   Big, fiery blades are also staple armaments of hydra-hunters.
   It insulates you from electricity.
 y - a +2 falchion of holy wrath
 G - a +3 scimitar of flaming
Missiles
 c - 4 throwing nets (quivered)
Armour
 b - the scarf "Zeuth" (worn) {rPois Int+2 SInv}
   (You acquired it on level 12 of the Dungeon)

   It affects your intelligence (+2).
   It protects you from poison.
   It lets you see invisible.
 n - a +2 pair of gloves (worn)
 t - a +2 pair of boots (worn)
 D - a +2 hat of intelligence (worn)
 P - a +1 buckler (worn)
Jewellery
 f - a ring of positive energy (left hand)
 j - an amulet of guardian spirit (around neck)
 C - a ring of resist corrosion (right hand)
Wands
 e - a wand of acid (10/15)
 B - a wand of confusion (10/48)
 J - a wand of scattershot (0/9)
Scrolls
 g - 12 scrolls of identify
 h - 3 scrolls of blinking
 i - 6 scrolls of teleportation
 p - 2 scrolls of enchant armour
 s - 2 scrolls of amnesia
 v - 3 scrolls of remove curse
 x - 3 scrolls of immolation
 E - 3 scrolls of fog
 H - a scroll of magic mapping
 L - a scroll of acquirement
Potions
 k - 3 potions of might
 m - 4 potions of haste
 z - 4 potions of flight
 F - a potion of brilliance
 M - a potion of agility
Books
 l - a book of Maledictions

   Spells                             Type                      Level
   a - Corona                         Hexes                        1
   b - Ensorcelled Hibernation        Hexes/Ice                    2
   c - Confuse                        Hexes                        3
   d - Tukima's Dance                 Hexes                        3
   e - Dazzling Spray                 Conjuration/Hexes            3
 u - a Young Poisoner's Handbook

   Spells                             Type                      Level
   a - Sting                          Conjuration/Poison           1
   b - Poisonous Vapours              Poison/Air                   2
   c - Mephitic Cloud                 Conjuration/Poison/Air       3
   d - Olgreb's Toxic Radiance        Poison                       4
   e - Venom Bolt                     Conjuration/Poison           5
 K - a book of Necromancy

   Spells                             Type                      Level
   a - Pain                           Necromancy                   1
   b - Animate Skeleton               Necromancy                   1
   c - Vampiric Draining              Necromancy                   3
   d - Regeneration                   Charms/Necromancy            3
   e - Animate Dead                   Necromancy                   4
   f - Control Undead                 Necromancy                   4
 N - a book of Enchantments

   Spells                             Type                      Level
   a - Cause Fear                     Hexes                        4
   b - Yara's Violent Unravelling     Hexes/Transmutation          5
   c - Silence                        Hexes/Air                    5
   d - Deflect Missiles               Charms/Air                   6
   e - Discord                        Hexes                        8
Miscellaneous
 I - a lightning rod (4/4)
Comestibles
 a - 8 fruits
 d - 13 bread rations
 o - 5 meat rations
 r - 2 royal jellies


   Skills:
 - Level 2.1 Fighting
 + Level 12.6 Long Blades
 - Level 1.7 Throwing
 - Level 10.3 Dodging
 + Level 1.4 Shields
 + Level 10.0 Invocations
 + Level 9.2 Evocations


You had 11 spell levels left.
You didn't know any spells.

Dungeon Overview and Level Annotations

Branches:
Dungeon (13/15)            Temple (1/1) D:4            Lair (0/6) D:9
    Orc (0/2) D:12         Vaults (0/5) D:13

Altars:
Ashenzari
Cheibriados
Dithmenos
Elyvilon
Fedhas
Gozag
Hepliaklqana
Kikubaaqudgha
Makhleb
Nemelex Xobeh
Okawaru
Qazlal
Ru
Sif Muna
Trog
Uskayaw
Vehumet
Wu Jian
Xom
Yredelemnul
Zin
The Shining One

Shops:
D:5 (


Innate Abilities, Weirdness & Mutations

You can breathe wild blasts of lightning.
Your glossy black scales are hard. (AC +8)
You cannot fit into any form of body armour.
You are resistant to electric shocks. (rElec)
You are cold-blooded and may be slowed by cold attacks.


Message History

The meliai barely misses you.
The meliai stings you but does no damage.
Unknown command.
You feel much better. The meliai hits you but does no damage.
The meliai stings you but does no damage.
The phantasmal warrior hits you!!
* * * LOW HITPOINT WARNING * * *
The meliai barely misses you. The meliai completely misses you.
You feel much better. The meliai hits you but does no damage.
The meliai stings you. The phantasmal warrior hits you!!
* * * LOW HITPOINT WARNING * * *
The meliai misses you.
The meliai stings you but does no damage.
You feel protected.
You feel less confused. The meliai closely misses you. The meliai misses you.
The meliai hits you.
* * * LOW HITPOINT WARNING * * *
The meliai stings you.
* * * LOW HITPOINT WARNING * * *
The phantasmal warrior hits you!
You die...

....##### ##.###.## ### ....#
##..#/#..## ....######..##?##..##
.......##...#$.(#...#
.......##..##...##..##
.......#.####...####.# .......#.#
###'### #.# .......#.# #...W.#
#.# ########.# #..⌠y@# #.#
.......#.# #...G.# #.# .......#.#
#.....# #.# .......#.# #..⌠..#
#.# ...>...#.###.....###.# #...
.....>.##.####†####.## #...
........##.###.###.##.. #..###
.........##.##.##.##...#+###..#..
#'#####...##.#'#.## ..........#..


You could see a phantasmal warrior, an eye of draining and a meliai shaped
shifter.

Vanquished Creatures
  A hydra (D:13)
  2 two-headed ogres (D:9)
  2 dancing weapons (D:13)
  A tengu warrior (D:10)
  Nergalle (D:10)
  2 unseen horrors
  An ugly thing (D:13)
  2 cyclopes
  A manticore (D:13)
  Joseph (D:10)
  2 centaur zombies
  A centaur skeleton (D:13)
  3 yaktaurs (D:12)
  A redback zombie (D:13)
  2 trolls
  2 hornets
  4 slime creatures (D:12)
  A shadow (D:12)
  21 yaks
  A wraith (D:13)
  A steam dragon (D:11)
  2 vampire mosquitoes (D:12)
  A hungry ghost (D:8)
  4 orc warriors
  3 porcupines (D:9)
  A phantom (D:8)
  A sky beast (D:8)
  4 black bears
  6 ice beasts
  An eye of draining (D:10)
  A necrophage (D:13)
  4 ogres
  4 centaurs
  A crocodile (D:11)
  2 big kobolds
  10 bullfrogs
  A wyvern zombie (D:7)
  A wyvern skeleton (D:10)
  2 scorpions
  8 killer bees
  11 wights
  The ghost of Barriton the Conjurer, a weakling DrCj of Vehumet (D:3)
  5 howler monkeys
  11 crimson imps
  7 jellies
  Crazy Yiuf (D:4)
  2 bullfrog zombies
  12 hounds
  A quasit (D:8)
  7 orc priests
  A gnoll shaman (D:7)
  A bullfrog skeleton (D:8)
  6 orc wizards
  Jessica (D:2)
  Ijyb (D:5)
  4 iguanas
  6 worker ants
  Terence (D:2)
  A killer bee zombie (D:5)
  A hound skeleton (D:5)
  A howler monkey zombie (D:8)
  13 gnolls
  13 adders
  A shadow imp (D:11)
  An ooze (D:5)
  3 adder skeletons
  A worm (D:6)
  2 dart slugs (D:2)
  13 leopard geckos
  36 orcs
  3 giant cockroaches
  6 goblins
  10 hobgoblins
  5 quokkas
  2 ball pythons
  10 bats
  3 frilled lizards
  A jackal skeleton (D:4)
  12 kobolds
  A leopard gecko skeleton (D:8)
  A leopard gecko zombie (D:8)
  A quokka zombie (D:7)
  9 rats
339 creatures vanquished.

Vanquished Creatures (others)
  8 fungi (D:9)
  2 plants (D:9)
10 creatures vanquished.

Grand Total: 349 creatures vanquished

Notes
Turn   | Place    | Note
-------+----------+-------------------------------------------
     0 | D:1      | KristoblXynda the Draconian Gladiator began the quest for the Orb.
     0 | D:1      | Reached XP level 1. HP: 17/17 MP: 1/1
   158 | D:1      | Reached XP level 2. HP: 24/24 MP: 2/2
   678 | D:2      | Reached XP level 3. HP: 20/29 MP: 3/3
   698 | D:2      | Reached skill level 4 in Long Blades
   767 | D:2      | Found a shadowy altar of Dithmenos.
   961 | D:2      | Reached XP level 4. HP: 9/36 MP: 4/4
  1002 | D:2      | Noticed Terence
  1020 | D:2      | Killed Terence
  1409 | D:2      | Noticed Jessica
  1418 | D:2      | Killed Jessica
  1640 | D:2      | Reached skill level 5 in Long Blades
  2164 | D:3      | Noticed Barriton's ghost (weakling DrCj)
  2175 | D:3      | Killed Barriton's ghost
  2175 | D:3      | Reached XP level 5. HP: 37/41 MP: 5/5
  3074 | D:4      | Reached XP level 6. HP: 48/48 MP: 6/6
  3092 | D:4      | Reached skill level 6 in Long Blades
  3198 | D:4      | Found a staircase to the Ecumenical Temple.
  3307 | D:4      | Found a runed door.
  3311 | D:4      | Noticed Crazy Yiuf
  3320 | D:4      | Killed Crazy Yiuf
  3455 | Temple   | Entered the Ecumenical Temple
  3601 | Temple   | Became a worshipper of Uskayaw the Reveler
  4330 | D:5      | Entered Level 5 of the Dungeon
  4330 | D:5      | Found a shimmering altar of Xom.
  4352 | D:5      | Reached * piety under Uskayaw
  4384 | D:5      | Reached ** piety under Uskayaw
  4386 | D:5      | Your scales start taking on a glossy black colour.
  4386 | D:5      | Reached XP level 7. HP: 47/55 MP: 7/7
  4386 | D:5      | Gained mutation: You are resistant to electric shocks. (rElec) [Black Draconian growth]
  4390 | D:5      | Reached *** piety under Uskayaw
  4393 | D:5      | Reached skill level 7 in Long Blades
  4393 | D:5      | Reached **** piety under Uskayaw
  4398 | D:5      | Reached ***** piety under Uskayaw
  4597 | D:5      | Found a sacrificial altar of Ru.
  4633 | D:5      | Reached skill level 5 in Dodging
  4636 | D:5      | HP: 1/55 [scorpion (7)]
  4968 | D:5      | Noticed Ijyb
  5030 | D:5      | Killed Ijyb
  5030 | D:5      | Reached skill level 8 in Long Blades
  5208 | D:5      | Found Apnoumpix's Antique Weapon Shop.
  5212 | D:5      | Bought a runed falchion for 144 gold pieces
  5264 | D:6      | Reached XP level 8. HP: 59/61 MP: 8/8
  5267 | D:6      | Found a shattered altar of Ashenzari.
  5956 | D:6      | Reached skill level 9 in Long Blades
  6376 | D:7      | Found a glowing golden altar of the Shining One.
  6384 | D:7      | Reached skill level 1 in Invocations
  6384 | D:7      | Reached skill level 1 in Evocations
  6422 | D:7      | Found an ornate altar of the Wu Jian Council.
  6524 | D:7      | Got a dazzling long sword
  6525 | D:7      | Identified the +9 long sword of Egatagov {flame, rElec} (You found it on level 7 of the Dungeon)
  7054 | D:7      | Reached XP level 9. HP: 67/67 MP: 10/10
  7906 | D:8      | Reached skill level 10 in Long Blades
  8112 | D:9      | Noticed a troll
  8122 | D:9      | Killed a troll
  8384 | D:9      | Noticed a two-headed ogre
  8395 | D:9      | Killed a two-headed ogre
  8395 | D:9      | Reached skill level 5 in Invocations
  8395 | D:9      | Reached XP level 10. HP: 53/73 MP: 12/14
  8405 | D:9      | Noticed a two-headed ogre
  8414 | D:9      | Reached skill level 5 in Evocations
  8421 | D:9      | Killed a two-headed ogre
  8425 | D:9      | Reached ****** piety under Uskayaw
  8576 | D:9      | Found a staircase to the Lair.
  8940 | D:9      | Reached skill level 11 in Long Blades
  9095 | D:9      | Found a burning altar of Makhleb.
  9116 | D:10     | Entered Level 10 of the Dungeon
  9142 | D:10     | Noticed Nergalle
  9160 | D:10     | Noticed Joseph
  9205 | D:10     | Killed Joseph
  9566 | D:10     | Reached XP level 11. HP: 79/79 MP: 16/16
  9725 | D:10     | Killed Nergalle
  9996 | D:10     | Noticed a tengu warrior
 10018 | D:10     | Killed a tengu warrior
 10798 | D:11     | Killed an unseen horror
 11310 | D:12     | Identified a scroll of acquirement
 11376 | D:12     | Reached skill level 12 in Long Blades
 11842 | D:12     | Got a steaming scarf
 11853 | D:12     | Identified the scarf "Zeuth" {rPois Int+2 SInv} (You acquired it on level 12 of the Dungeon)
 12110 | D:12     | Found a staircase to the Orcish Mines.
 12226 | D:12     | Noticed an unseen horror
 12230 | D:12     | Killed an unseen horror
 12263 | D:12     | Reached XP level 12. HP: 85/85 MP: 18/18
 12305 | D:12     | Reached skill level 10 in Dodging
 12576 | D:13     | Found a gate to the Vaults.
 12593 | D:13     | Noticed an eight-headed hydra
 12797 | D:13     | Killed a seven-headed hydra
 13289 | D:13     | Reached skill level 1 in Shields
 13455 | D:13     | Reached skill level 10 in Invocations
 13462 | D:13     | Found a runed door.
 13484 | D:13     | HP: 4/85 [meliai (shapeshifter) (6)]
 13484 | D:13     | Mangled by a phantasmal warrior

Vault maps used:
D:1:      lemuel_arrival_muddy
D:2:      marbit_many_paths, uniq_jessica, uniq_terence
D:4:      minmay_temple_entry_crystal_x, first_bread, uniq_crazy_yiuf_cottage
D:5:      lemuel_crystal_altar, basic_altar, serial_shops, shop, uniq_ijyb
D:6:      kennysheep_spiral_hall, old_standard_altar,
          cheibrodos_sewer_entry_drain
D:7:      nicolae_tso_carved_into_rock, lemuel_crystal_altar
D:9:      makhleb_grotto_becter, grunt_lair_entry_orc_guard_hut, special_room
D:10:     grunt_tengu_nest, uniq_nergalle, uniq_joseph
D:12:     orc_0_dummy, grunt_ministairs_4
D:13:     erik_vaults_1, wad_hexagon
Temple:   eino_temple_rhombus

Skill      XL: |  1  2  3  4  5  6  7  8  9 10 11 12 |
---------------+-------------------------------------+-----
Dodging        | 3 4 5 6 7 8 9 10 | 10.3
Long Blades    | 4 5 6 8 9 10 11 12 | 12.6
Invocations    | 2 5 7 9 10 | 10.0
Evocations     | 2 4 6 8 9 |  9.2
Shields        | 1 |  1.4
Fighting       | |  2.1
Throwing       | |  1.7

Action                   |  1- 3 |  4- 6 |  7- 9 | 10-12 || total
-------------------------+-------+-------+-------+-------++-------
Melee: Long sword        |    73 |   195 |   287 |   502 ||  1057
       Tailslap          |    15 |    26 |    61 |    88 ||   190
       Falchion          |       |       |    90 |       ||    90
Throw: Throwing net      |       |     1 |       |       ||     1
Invok: Stomp             |       |       |       |     1 ||     1
 Abil: Breathe Lightning |       |       |     2 |       ||     2
Evoke: Wand              |       |       |       |     5 ||     5
  Use: Potion            |     1 |     1 |     1 |    16 ||    19
       Scroll            |       |     5 |    16 |    14 ||    35
 Stab: Sleeping          |     1 |     1 |     2 |     4 ||     8
       Distracted        |       |     1 |       |       ||     1
       Paralysed         |       |       |    15 |    37 ||    52
       Invisible         |       |       |       |     1 ||     1
  Eat: Bread ration      |       |     1 |     1 |       ||     2
       Chunk             |       |     5 |     7 |     7 ||    19
       Royal jelly       |       |     1 |       |     1 ||     2
       Meat ration       |       |       |     1 |     1 ||     2
       Fruit             |       |       |       |     1 ||     1
Armor: Skin              |    25 |    67 |   127 |   143 ||   362
Dodge: Dodged            |    63 |   193 |   304 |   407 ||   967
Block: Buckler           |       |       |       |    11 ||    11
       Rpst.: Long sword |    26 |    65 |    64 |   100 ||   255
       Falchion          |       |       |    16 |       ||    16

Table legend:
 A = Spawn XP
 B = Non-spawn XP
 C = Spawn XP percentage of total XP
 D = Spawn monster count
 E = Non-spawn monster count
 F = Spawn count percentage of total count
 G = Total turns spent on level
                    A         B        C        D         E        F      G
               +---------+---------+-------+---------+---------+-------+---------
         Total |       0 |   30085 |   0.0 |       0 |     339 |   0.0 | 13484
               +---------+---------+-------+---------+---------+-------+---------
           D:1 |       0 |      30 |   0.0 |       0 |      18 |   0.0 |   661
           D:2 |       0 |     164 |   0.0 |       0 |      25 |   0.0 |  1503
           D:3 |       0 |     146 |   0.0 |       0 |      24 |   0.0 |   630
           D:4 |       0 |     327 |   0.0 |       0 |      17 |   0.0 |  1379
           D:5 |       0 |     712 |   0.0 |       0 |      21 |   0.0 |   923
           D:6 |       0 |     643 |   0.0 |       0 |      18 |   0.0 |   966
           D:7 |       0 |     797 |   0.0 |       0 |      25 |   0.0 |  1222
           D:8 |       0 |    1306 |   0.0 |       0 |      22 |   0.0 |   652
           D:9 |       0 |    4948 |   0.0 |       0 |      43 |   0.0 |  1023
          D:10 |       0 |    4955 |   0.0 |       0 |      30 |   0.0 |  1234
          D:11 |       0 |    3206 |   0.0 |       0 |      33 |   0.0 |   910
          D:12 |       0 |    7128 |   0.0 |       0 |      38 |   0.0 |  1307
          D:13 |       0 |    5723 |   0.0 |       0 |      25 |   0.0 |   917
               +---------+---------+-------+---------+---------+-------+---------
